Cogmind - Beta 15 @@@ ROGUE MODE // 2025.08.12 @ 20:13:24 // Winter2019/RPGLIKE Player: bugsniper Result: Destroyed by Tracker with Immobilizer Performance ------------- Evolutions (9) 4500 Regions Visited (25) 5000 Robots Destroyed (296) 1480 Value Destroyed (16193) 16193 Prototype IDs (64) 1280 Alien Tech Used (6) 1200 Bonus (21533) 21533 TOTAL SCORE: 51186 Bonus ------- Triggered High Security 500 Triggered Max Security 1000 High Alert Combat Kills 6177 Follower Combat Kills 2478 Registered with UFD 300 Met Optimus in HQ 500 Met Zhirov 300 Met Warlord at Base 500 MAIN.C Attacked Warlord 500 Used Core Reset Matrix 3000 Scanned by Researcher 500 Pursued by Intercept 1000 Met Sigix 2000 Activated Exoskeleton 3000 Friendly Fire -222 Cogmind --------- Core Integrity 0/1450 Matter 300/300 Energy 260/260 System Corruption 1% Temperature Cool (0) Movement Core (100) Ox1 Location -1/Access Parts ------- > --- POWER (3) -------- Light Nuclear Core Micro Fission Core Micro Fission Core > --- PROPULSION (7) --- Impulse Thruster Impulse Thruster Array Flightbrick > --- UTILITY (9+2) ---- Deep Structural Scanner (+) Advanced Sensor Array Advanced Melee Analysis Suite Advanced Target Analyzer Experimental Armor Integrity Analyzer Improved Reaction Control System Layered Heavy Armor Plating Advanced Focal Shield Makeshift Hacking Suite (+) Ghost Barrier > --- WEAPON (5) ------- Plasma Sword Plasma Sword Dual-blade Saw Dual-blade Saw DM-GVY's Chainsaw > --- INVENTORY (7) ---- Cesium-ion Thruster Heavy Armor Plating Supercharged TR Integrity Redistributor Terrabomb Heavy Shock Bomb Launcher Peak State ------------ > --- POWER ------------ Light Nuclear Core Light Nuclear Core Light Nuclear Core > --- PROPULSION ------- Cooled Impulse Thruster Impulse Thruster Array Flightbrick > --- UTILITY ---------- Deep Structural Scanner Advanced Sensor Array Long-range Terrain Scanner Advanced Melee Analysis Suite Advanced Target Analyzer Experimental Armor Integrity Analyzer Improved Reaction Control System Advanced Focal Shield Thermal Barrier Makeshift Hacking Suite Ghost Barrier > --- WEAPON ----------- Hellfire Missile Launcher Plasma Sword DM-GVY's Chainsaw Vortex Lance Vortex Lance > --- INVENTORY -------- Impulse Thruster Improved Phase Shifter Supercharged TR Terrabomb Heavy Shock Bomb Launcher Sigix Containment Pod [Rating: 193] Favorites ----------- Power Light Nuclear Core Engine Ion Engine Power Core Light Nuclear Core Reactor Light Antimatter Reactor Propulsion Flightbrick Treads Light Treads Leg Aluminum Leg Flight Unit Flightbrick Utility Deep Structural Scanner Device Deep Structural Scanner Storage Improved Matter Compressor Processor Advanced Signal Interpreter Hackware Makeshift Hacking Suite Protection Layered Medium Armor Plating Weapon Great Axe Energy Gun EM Pulse Gun Energy Cannon Nova Cannon Ballistic Gun Makeshift Shrapnel Gun Ballistic Cannon Light Cannon Launcher Subdweller Shrapnel Launcher Special Weapon RU-N14's Throwing Claymores Impact Weapon Heavy Flail Slashing Weapon Great Axe Piercing Weapon Vortex Lance Build | -11 -10 -10 -10 -8 -8 -6 -6 -6 -6 -5 -5 -5 -5 -5 -4 -4 -4 -4 -4 -3 -3 -3 -3 -2 -1 ------- Run | Yrd Mat Min Sub Rec Scr Fac Low Low Zio Pro Fac Upp Upp War Pro Fac Upp Upp Zhi Pro Res Qua Sec Res Acc Slots Evolved 20 | 2 1 1 . 2 1 3 . . 1 . 1 3 . . 1 . . 1 . 1 1 1 . . . Power 2 | . . . . . . 1 . . . . . 1 . . . . . . . . . . . . . Propulsion 6 | 1 . . . 2 . 1 . . . . . 1 . . . . . . . . 1 . . . . Utility 8 | . 1 1 . . 1 1 . . . . 1 . . . 1 . . 1 . . . 1 . . . Weapon 4 | 1 . . . . . . . . 1 . . 1 . . . . . . . 1 . . . . . Parts Attached 125 | 5 8 3 7 2 13 8 1 . 5 2 4 3 3 8 3 7 1 1 3 1 5 3 25 . 4 Power 17 | . . . 1 1 2 1 . . . . 1 1 1 1 1 4 . . 1 . . . . . 2 Engine 6 | . . . 1 1 2 . . . . . . 1 . 1 . . . . . . . . . . . Core 9 | . . . . . . 1 . . . . 1 . 1 . 1 3 . . . . . . . . 2 Reactor 2 | . . . . . . . . . . . . . . . . 1 . . 1 . . . . . . Propulsion 13 | 2 . . 1 1 . 1 . . . . 1 1 1 1 . . . . . . 1 1 2 . . Treads 3 | 2 . . 1 . . . . . . . . . . . . . . . . . . . . . . Leg . | . . . . . . . . . . . . . . . . . . . . . . . . . . Wheel . | . . . . . . . . . . . . . . . . . . . . . . . . . . Hover . | . . . . . . . . . . . . . . . . . . . . . . . . . . Flight 10 | . . . . 1 . 1 . . . . 1 1 1 1 . . . . . . 1 1 2 . . Utility 61 | . 4 3 . . 8 6 1 . 2 1 1 . 1 4 1 3 1 1 2 . 1 2 19 . . Device 32 | . 3 2 . . 3 1 . . 2 . . . 1 2 . 2 . 1 . . 1 1 13 . . Storage 1 | . . . . . . . . . . . . . . . . . . . 1 . . . . . . Processor 14 | . 1 1 . . 2 3 . . . . . . . 1 . . 1 . . . . 1 4 . . Hackware 3 | . . . . . 1 . . . . . 1 . . 1 . . . . . . . . . . . Protection 11 | . . . . . 2 2 1 . . 1 . . . . 1 1 . . 1 . . . 2 . . Artifact . | . . . . . . . . . . . . . . . . . . . . . . . . . . Weapon 34 | 3 4 . 5 . 3 . . . 3 1 1 1 . 2 1 . . . . 1 3 . 4 . 2 Energy Gun 2 | 2 . . . . . . . . . . . . . . . . . . . . . . . . . Energy Cannon 1 | . . . . . . . . . . . . . . . . . . . . . 1 . . . . Ballistic Gun 4 | 1 1 . 2 . . . . . . . . . . . . . . . . . . . . . . Ballistic Cannon 3 | . 2 . 1 . . . . . . . . . . . . . . . . . . . . . . Launcher 9 | . 1 . 1 . 1 . . . . 1 1 1 . 1 . . . . . . . . 2 . . Special Weapon 2 | . . . . . . . . . 1 . . . . . 1 . . . . . . . . . . Impact Weapon 1 | . . . . . 1 . . . . . . . . . . . . . . . . . . . . Slashing Weapon 10 | . . . 1 . 1 . . . 2 . . . . . . . . . . . 2 . 2 . 2 Piercing Weapon 2 | . . . . . . . . . . . . . . 1 . . . . . 1 . . . . . Special Melee Weapon . | . . . . . . . . . . . . . . . . . . . . . . . . . . Unidentified Prototypes 24 | . . . . . 1 . . . 3 1 2 . . 7 . 1 . . 4 . 1 . 4 . . Parts Lost 3 | . . . . . . . 1 . . . . . . . . 1 . . . . . 1 . . . Power . | . . . . . . . . . . . . . . . . . . . . . . . . . . Propulsion . | . . . . . . . . . . . . . . . . . . . . . . . . . . Utility 3 | . . . . . . . 1 . . . . . . . . 1 . . . . . 1 . . . Weapon . | . . . . . . . . . . . . . . . . . . . . . . . . . . Highest Loss Streak 1 | . . . . . . . 1 . . . . . . . . 1 . . . . . 1 . . . To Critical Strikes . | . . . . . . . . . . . . . . . . . . . . . . . . . . Average Backups 3 | . 1 2 2 1 1 2 3 4 3 2 3 4 4 4 4 4 5 4 4 5 5 6 5 6 6 Power . | . . . . . . . . . . . . . . . . . . . . . . . . . . Propulsion . | . . . . . . . . . . . 2 2 3 2 2 2 3 2 2 2 1 1 1 1 1 Utility . | . . . . . . 1 1 1 1 . . . . . . . 1 1 1 1 . . 1 1 1 Weapon 1 | . 1 2 1 . 1 1 2 3 2 2 1 1 1 1 2 1 1 1 1 . . 1 1 1 1 Tool/Special . | . . . . . . . . . . . . . . . . . . . . . . . . . . Unused Backups 24 | . 1 . 2 . 2 . . . 1 . . 1 2 2 1 2 . 2 1 . . 3 1 . 3 Power 2 | . . . 2 . . . . . . . . . . . . . . . . . . . . . . Propulsion 8 | . . . . . 2 . . . . . . . 1 1 1 2 . 1 . . . . . . . Utility 7 | . . . . . . . . . 1 . . 1 1 1 . . . 1 1 . . . . . 1 Weapon 3 | . 1 . . . . . . . . . . . . . . . . . . . . 1 1 . . Tool/Special 4 | . . . . . . . . . . . . . . . . . . . . . . 2 . . 2 Average Slot Usage (%) 85 | . 91 99 99 87 63 79 80 81 81 81 82 78 76 78 83 82 86 86 86 86 86 82 81 80 77 Engine 6 | . 15 13 12 10 6 6 6 6 5 5 5 4 4 4 4 . . . . . . . . . . Core 5 | . . . . . . 5 6 6 5 5 4 4 4 4 6 8 13 13 13 12 12 11 11 11 11 Treads 8 | . 30 27 25 18 . . . . . . . . . . . . . . . . . . . . . Flight 8 | . . . . 1 7 11 12 12 11 11 11 10 14 14 13 13 13 13 13 12 12 11 10 11 11 Device 18 | . 10 14 25 22 15 19 18 18 16 17 16 15 14 16 18 17 18 18 21 20 20 21 19 15 15 Processor 9 | . 2 13 12 10 9 13 12 12 11 11 11 10 9 9 9 9 9 8 8 8 8 8 11 11 11 Hackware 4 | . . . . . 1 6 6 6 5 5 10 10 9 8 9 9 9 8 8 8 8 7 7 7 7 Protection 2 | . . . . . 6 1 5 6 5 5 5 4 4 1 2 3 4 4 4 4 3 1 1 3 3 Ballistic Gun 2 | . 1 . 11 10 5 . . . . . . . . . . . . . . . . . . . . Ballistic Cannon 4 | . 20 27 11 . . . . . . . . . . . . . . . . . . . . . . Impact Weapon 1 | . . . . . 3 6 6 6 1 . . . . . . . . . . . . . . . . Slashing Weapon 7 | . . . . . 1 6 6 6 15 16 16 15 14 14 13 13 13 13 13 12 12 11 10 11 13 Piercing Weapon 1 | . . . . . . . . . . . . . . 2 4 4 4 4 4 6 8 7 5 3 2 Peak Build Rating 193 | 5 9 10 20 49 80 89 89 89 103 98 104 108 112 138 143 147 145 151 155 164 175 191 193 180 184 Average Rating 89 | 4 7 8 13 27 62 84 88 89 94 96 100 102 105 125 140 142 144 146 152 160 164 184 183 180 176 On Entrance 103 | 3 5 9 10 19 48 77 89 89 89 95 97 101 104 106 137 143 145 145 151 153 164 175 184 180 180 Naked Turns . | . . . . . . . . . . . . . . . . . . . . . . . . . . Heaviest Build 65 | 8 13 13 17 17 28 26 24 24 29 34 34 34 33 39 37 43 43 45 45 45 45 44 65 65 65 Greatest Support 77 | 40 40 40 40 40 24 30 30 30 30 35 35 39 41 45 45 47 47 50 47 50 54 60 77 77 77 Greatest Overweight (x) 3 | . . . . . 1 1 . . . . . . . . . . . 3 . . . . 1 . 1 Average Overweight (x) . | . . . . . . . . . . . . . . . . . . . . . . . . . . Largest Inventory Capacity 7 | . 2 2 4 4 4 4 4 4 4 4 4 4 4 5 5 6 6 6 7 7 7 7 7 7 7 Average Capacity 4 | . 1 2 3 4 4 4 4 4 4 4 4 4 4 4 5 5 6 6 6 7 7 7 7 7 7 Most Carried 7 | . 2 2 4 4 2 4 4 4 4 4 4 4 4 5 5 6 6 6 6 6 7 7 7 7 7 Average Carried 3 | . 1 2 3 3 1 3 3 4 3 3 3 3 3 4 4 4 6 5 5 5 6 6 6 7 7 Final Capacity 7 | . 2 2 4 4 4 4 4 4 4 4 4 4 4 5 5 6 6 6 7 7 7 7 7 7 7 Final Carried 7 | . 2 2 4 2 1 3 4 4 4 4 4 4 4 5 5 6 6 5 6 6 7 7 7 7 7 Class Distribution -------------------- 36% | Hacker-Scout 36% | Mutant 13% | Hacker-Gladiator 12% | Hacker-Sprinter Dominant Class ---------------- Mutant | -10/Materials Mutant | -10/Mines Mutant | -10/Subcaves Mutant | -8/Recycling Mutant | -8/Scraptown Hacker-Scout | -6/Factory Hacker-Scout | -6/Lower Caves Hacker-Scout | -6/Lower Caves Hacker-Scout | -6/Zion Hacker-Scout | -5/Proximity Caves Hacker-Scout | -5/Factory Hacker-Scout | -5/Upper Caves Hacker-Scout | -5/Upper Caves Hacker-Scout | -5/Warlord Hacker-Scout | -4/Proximity Caves Hacker-Scout | -4/Factory Hacker-Scout | -4/Upper Caves Hacker-Sprinter | -4/Upper Caves Hacker-Sprinter | -4/Zhirov Hacker-Sprinter | -3/Proximity Caves Hacker-Sprinter | -3/Research Hacker-Gladiator | -3/Quarantine Hacker-Gladiator | -3/Section 7 Hacker-Gladiator | -2/Research Hacker-Gladiator | -1/Access Resources | -11 -10 -10 -10 -8 -8 -6 -6 -6 -6 -5 -5 -5 -5 -5 -4 -4 -4 -4 -4 -3 -3 -3 -3 -2 -1 ----------- Run | Yrd Mat Min Sub Rec Scr Fac Low Low Zio Pro Fac Upp Upp War Pro Fac Upp Upp Zhi Pro Res Qua Sec Res Acc Matter Collected 3852 | 200 486 245 366 225 150 80 20 . 100 350 60 30 50 100 40 75 30 10 . 100 50 127 908 . 50 Remotely 946 | . . 245 366 225 110 . . . . . . . . . . . . . . . . . . . . Salvage Created 13737 | . 548 252 259 172 334 241 362 98 . 129 236 35 380 . 538 546 271 875 . 321 184 611 6567 . 778 Parts 660 | . 40 14 12 5 13 33 11 2 . 10 5 13 11 . 29 41 12 46 . 28 15 41 235 2 42 Haulers Intercepted 2 | . 1 . . . . . . . . . . . . . 1 . . . . . . . . . . Recyclers Shooed 6 | . 4 . . 2 . . . . . . . . . . . . . . . . . . . . . Parts Field Recycled . | . . . . . . . . . . . . . . . . . . . . . . . . . . Retrieved Matter . | . . . . . . . . . . . . . . . . . . . . . . . . . . Parts Self-Destructed 161 | . . . 7 . . . 11 2 . 10 . 11 9 . 26 . 11 46 . 28 . . . . . Prevented 3 | . . . . . . . . . . 1 . 2 . . . . . . . . . . . . . Kills | -11 -10 -10 -10 -8 -8 -6 -6 -6 -6 -5 -5 -5 -5 -5 -4 -4 -4 -4 -4 -3 -3 -3 -3 -2 -1 ------- Run | Yrd Mat Min Sub Rec Scr Fac Low Low Zio Pro Fac Upp Upp War Pro Fac Upp Upp Zhi Pro Res Qua Sec Res Acc Combat Hostiles Destroyed 256 | . 14 4 9 . 3 11 8 1 . 12 2 4 5 . 17 13 7 21 . 9 5 10 87 1 13 Melee 146 | . . . . . 3 11 6 1 . 6 2 4 5 . 13 13 7 21 . 9 5 10 16 1 13 Guns 6 | . 3 . 3 . . . . . . . . . . . . . . . . . . . . . . Cannons 19 | . 9 4 5 . . . . . . . . . . . 1 . . . . . . . . . . AOE 53 | . 2 . 1 . . . . . . 6 . . . . 3 . . . . . . . 41 . . Classes Destroyed 28 | . 7 . 3 . 3 2 2 1 . . . . . . . 1 1 1 . . . . 7 . . Worker 1 | . 1 . . . . . . . . . . . . . . . . . . . . . . . . Builder 5 | . 3 1 . 1 . . . . . . . . . . . . . . . . . . . . . Tunneler 1 | . . . . . . 1 . . . . . . . . . . . . . . . . . . . Hauler 2 | . 1 . . . . . . . . . . . . . 1 . . . . . . . . . . Recycler 10 | . 4 2 . 2 . . . . . . 1 . . . . 1 . . . . . . . . . Minesweeper 1 | . . . . . . . 1 . . . . . . . . . . . . . . . . . . Mechanic 3 | . . . . . . . . . . . . . . . . . . . . . . . 3 . . Operator 1 | . . . . . . . . . . . . . . . . . . . . . . . 1 . . Turret 2 | . . . 1 . 1 . . . . . . . . . . . . . . . . . . . . Watcher 12 | . 3 . . . . . . . . . 1 . . . . 3 . . . . . 3 2 . . Swarmer 45 | . 6 . 1 . . 5 3 . . 6 . 3 1 . 7 3 . 3 . 1 . . 3 . 3 Cutter 12 | . . . . . . . . . . . . . . . . 6 . . . . . . . . 6 Saboteur 4 | . . . . . . . . . . . . . . . . . . 1 . . . . 3 . . Grunt 88 | . 8 4 1 . . . 4 . . 4 1 . 1 . 9 . 6 9 . 2 . . 39 . . Brawler 15 | . . . . . . . 1 . . . . . . . . . . 1 . . . . 13 . . Duelist 7 | . . . . . . . . . . . . . . . . . 1 3 . . . . 3 . . Protector 6 | . . . . . . . . . . . . . . . . . . . . . . . 6 . . Researcher 1 | . . . . . . . . . . . . . . . . . . . . . . . 1 . . Sentry 17 | . . . 1 . . 3 . . . 1 1 . 1 . 1 2 . 2 . 1 1 . 2 1 . Hunter 30 | . . . . . . . . 1 . . . 1 2 . . . . 2 . 2 2 4 13 . 3 Programmer 19 | . . . . . . 3 . . . 1 . . . . . 2 . . . 3 2 6 2 . . Tracker 1 | . . . . . . . . . . . . . . . . . . . . . . . . . 1 Investigator 1 | . . . . . . . . . . . . . . . . . . . . . . . 1 . . Striker 1 | . . . . . . . . . . . . . . . . . . . . . . . 1 . . Executioner 1 | . . . . . . . . . . . . . . . . . . . . . . . 1 . . Alpha 7 1 | . . . . . . . . . . . . . . . . . . . . . . . 1 . . Subdweller 6 | . . . 6 . . . . . . . . . . . . . . . . . . . . . . Federalist 1 | . . . . . 1 . . . . . . . . . . . . . . . . . . . . Ranger 1 | . . . . . 1 . . . . . . . . . . . . . . . . . . . . Scrapper 1 | . . . . . 1 . . . . . . . . . . . . . . . . . . . . Packrat 1 | . . . . . 1 . . . . . . . . . . . . . . . . . . . . Best Kill Streak 28 | . 3 3 2 2 2 2 4 1 . 7 2 3 3 . 5 7 4 4 . 5 4 6 28 1 6 Combat Bots Only 26 | . 3 2 2 . 2 2 4 1 . 7 1 3 3 . 4 7 4 4 . 5 4 4 26 1 6 Max Kills in Single Turn 6 | . 2 1 1 1 1 2 1 1 . 2 1 1 1 . 3 1 1 1 . 1 1 1 6 1 1 Gunslinging . | . . . . . . . . . . . . . . . . . . . . . . . . . . Exploded 6 | . 2 . 1 . . . . . . 2 . . . . 2 . . . . . . . 6 . . Melee 2 | . . . . . 1 2 1 1 . 1 1 1 1 . 1 1 1 1 . 1 1 1 2 1 1 Uniques/NPCs Destroyed . | . . . . . . . . . . . . . . . . . . . . . . . . . . Combat | -11 -10 -10 -10 -8 -8 -6 -6 -6 -6 -5 -5 -5 -5 -5 -4 -4 -4 -4 -4 -3 -3 -3 -3 -2 -1 -------- Run | Yrd Mat Min Sub Rec Scr Fac Low Low Zio Pro Fac Upp Upp War Pro Fac Upp Upp Zhi Pro Res Qua Sec Res Acc Hostile Shots Fired 1300 | . 39 9 55 . 51 73 50 2 . 37 17 6 32 19 60 42 28 68 . 30 34 86 416 9 137 Missed 630 | . 16 1 9 . 25 40 23 1 . 18 12 3 6 11 28 24 15 36 . 18 20 50 216 5 53 Hits 670 | . 23 8 46 . 26 33 27 1 . 19 5 3 26 8 32 18 13 32 . 12 14 36 200 4 84 Melee 27 | . . . . . 3 . 5 . . . . . . . . 8 1 2 . . . . 5 . 3 Projectile 643 | . 23 8 46 . 23 33 22 1 . 19 5 3 26 8 32 10 12 30 . 12 14 36 195 4 81 AOE 7 | . . . 1 . . . . . . . . . . . . 1 . . . . . . 1 . 4 Critical Strikes 37 | . . 1 . . 1 . 3 . . . . . . . . 6 2 5 . 2 1 1 10 . 5 Actively Blocked 4 | . . . . . . . 1 . . . . . . . . 1 . . . 1 . 1 . . . Part Disruptions 1 | . . . . . . . . . . . . . . . . . . . . . . . 1 . . Damage Taken 10672 | . 275 112 836 . 529 365 502 17 . 306 79 34 467 112 444 401 166 378 . 199 248 539 3133 74 1456 Core 7505 | . 229 97 690 . 419 286 303 13 . 234 53 26 360 90 307 275 115 264 . 98 81 282 2279 33 971 Absorbed by Shields 228 | . . . . . . . . . . . . . . . . . . . . . . . 228 . . Redirected to Core 6585 | . 152 52 521 . 351 270 291 13 . 201 53 12 299 78 284 240 104 250 . 76 54 282 2112 33 857 Redirected to Shielding 615 | . . . . . . . 111 . . . . . . . 50 60 . . . 76 147 171 . . . Ignored by Resistances 2624 | . . . 31 . 3 29 22 1 . 19 6 6 59 14 125 13 124 291 . 24 58 113 1161 20 505 Regen/Repaired (Parts) 513 | . . . . . . . . . 367 . . . . . . . . . . . 146 . . . . Core Remaining (%) 73 | 100 . . . . 46 . . . . 82 . . . . 98 . . . . 100 . . 38 52 . Volleys Fired 226 | . 81 12 32 14 . . . . . 16 . . . . 3 . . . . . 4 . 64 . . Largest 2 | . 2 2 2 1 . . . . . 1 . . . . 1 . . . . . 1 . 1 . . Hottest 113 | . 80 60 60 40 . . . . . 39 . . . . . . . . . . 113 . 46 . . Shots Fired 330 | . 145 24 60 14 . . . . . 16 . . . . 3 . . . . . 4 . 64 . . Gun 63 | . 39 . 15 9 . . . . . . . . . . . . . . . . . . . . . Cannon 174 | . 105 24 41 . . . . . . . . . . . . . . . . . 4 . . . . Launcher 90 | . 1 . 4 5 . . . . . 16 . . . . . . . . . . . . 64 . . Special 3 | . . . . . . . . . . . . . . . 3 . . . . . . . . . . Kinetic 208 | . 114 24 56 14 . . . . . . . . . . . . . . . . . . . . . Thermal 6 | . 2 . . . . . . . . . . . . . . . . . . . 4 . . . . Explosive 24 | . 1 . 4 . . . . . . 16 . . . . 3 . . . . . . . . . . Electromagnetic 92 | . 28 . . . . . . . . . . . . . . . . . . . . . 64 . . Robot Hit Streak 20 | . 8 9 20 9 . . . . . 4 . . . . 2 . . . . . . . 9 . . Robot Miss Streak 4 | . 3 1 1 2 . . . . . . . . . . 1 . . . . . . . 4 . . Penetration Max . | . . . . . . . . . . . . . . . . . . . . . . . . . . Secondary Targets . | . . . . . . . . . . . . . . . . . . . . . . . . . . Shots Hit Robots 609 | . 76 17 48 8 11 23 23 3 . 16 12 4 28 . 29 34 20 44 . 16 8 46 104 6 33 Core Hits 500 | . 30 9 17 7 4 12 7 1 . 27 4 4 6 . 24 16 8 20 . 7 5 15 259 1 17 Critical Kills 1 | . . . . . 1 . . . . . . . . . . . . . . . . . . . . Critical Parts Destroyed 2 | . . . . . 1 . 1 . . . . . . . . . . . . . . . . . . Critical Strikes 115 | . 1 2 . . 5 7 9 . . 3 . . 8 . 6 7 11 8 . 1 3 10 23 2 9 Blast 3 | . 1 2 . . . . . . . . . . . . . . . . . . . . . . . Smash 3 | . . . . . 2 . 1 . . . . . . . . . . . . . . . . . . Sever 67 | . . . . . 3 7 8 . . 3 . . 8 . 2 5 4 1 . . . 5 10 2 9 Sunder 42 | . . . . . . . . . . . . . . . 4 2 7 7 . 1 3 5 13 . . Melee Attacks 723 | . . . 4 . 26 54 30 5 . 39 28 11 29 4 43 78 24 52 . 24 49 81 89 8 45 Impact 27 | . . . . . 8 12 6 . . 1 . . . . . . . . . . . . . . . Slashing 484 | . . . 4 . 18 42 24 5 . 38 28 11 29 2 23 58 10 24 . 9 32 47 37 7 36 Piercing . | . . . . . . . . . . . . . . . . . . . . . . . . . . Entropic 212 | . . . . . . . . . . . . . . 2 20 20 14 28 . 15 17 34 52 1 9 Sneak Attacks 20 | . . . . . . 4 1 . . 1 1 1 . . 1 4 . 3 . . . 2 2 . . Combat Hostiles 11 | . . . . . . 2 . . . 1 . 1 . . 1 2 . 3 . . . 1 . . . Follow-up Attacks 110 | . . . . . 2 2 4 . . 3 4 1 6 . 6 12 4 11 . 5 . 15 22 3 10 Damage Inflicted 49853 | . 1409 308 1111 263 371 1258 1152 142 . 1679 655 219 1563 . 2974 2474 1669 3888 . 1340 812 3502 20817 365 1882 Guns 767 | . 270 . 297 200 . . . . . . . . . . . . . . . . . . . . . Cannons 1842 | . 999 302 541 . . . . . . . . . . . . . . . . . . . . . . Explosions 17395 | . 140 . 269 63 . . . . . 946 . . . . 897 . . . . . . . 15080 . . Melee 29752 | . . . . . 371 1258 1152 142 . 733 655 219 1563 . 1990 2474 1669 3888 . 1340 812 3502 5737 365 1882 Ramming 10 | . . 6 4 . . . . . . . . . . . . . . . . . . . . . . Kinetic 2468 | . 1065 302 838 263 . . . . . . . . . . . . . . . . . . . . . Thermal 5083 | . . . . . . . . . . . . . . . . . . . . . . . 5083 . . Explosive 2976 | . 140 . 269 . . . . . . 946 . . . . 897 . . . . . . . 724 . . Electromagnetic 9477 | . 204 . . . . . . . . . . . . . . . . . . . . . 9273 . . Impact 401 | . . . . . 126 32 243 . . . . . . . . . . . . . . . . . . Slashing 12696 | . . . . . 245 1226 909 142 . 733 655 219 1563 . 599 1140 293 852 . 169 . 1247 1174 276 1254 Piercing . | . . . . . . . . . . . . . . . . . . . . . . . . . . Entropic 16742 | . . . . . . . . . . . . . . . 1478 1334 1376 3036 . 1171 812 2255 4563 89 628 Highest Corruption 5 | . . . . . 1 . . . . . 2 2 2 2 . . . . . 1 1 5 2 . 1 Average Corruption 2 | . . . . . 1 . . . . . 2 2 2 2 . . . . . 1 1 3 1 . 1 Corruption Purged . | . . . . . . . . . . . . . . . . . . . . . . . . . . Corruption Blocked . | . . . . . . . . . . . . . . . . . . . . . . . . . . Effects 29 | . . . . . 1 . . . . . . 5 8 . . . . . . 1 3 10 1 . . Message Errors 8 | . . . . . . . . . . . . 3 1 . . . . . . . 1 3 . . . Matter Fused 7 | . . . . . . . . . . . . . 1 . . . . . . 1 . 5 . . . Heat Flow Errors 4 | . . . . . . . . . . . . . 3 . . . . . . . 1 . . . . Energy Discharges 4 | . . . . . . . . . . . . 1 . . . . . . . . 1 1 1 . . Parts Fused 1 | . . . . . 1 . . . . . . . . . . . . . . . . . . . . Data Loss (minor) 4 | . . . . . . . . . . . . 1 2 . . . . . . . . 1 . . . Alerts 1 | . . . . . . . . . . . . . 1 . . . . . . . . . . . . Overload Shots . | . . . . . . . . . . . . . . . . . . . . . . . . . . Overflow Damage 3269 | . 16 . . 15 90 110 171 . . 40 78 . 317 . 203 337 128 278 . 230 65 311 821 5 54 Projectiles 16 | . 16 . . . . . . . . . . . . . . . . . . . . . . . . Explosions 314 | . . . . 15 . . . . . 20 . . . . . . . . . . . . 279 . . Melee 2939 | . . . . . 90 110 171 . . 20 78 . 317 . 203 337 128 278 . 230 65 311 542 5 54 Knockbacks 17 | . 11 1 2 . . . 3 . . . . . . . . . . . . . . . . . . Impact 3 | . . . . . . . 3 . . . . . . . . . . . . . . . . . . Kinetic 14 | . 11 1 2 . . . . . . . . . . . . . . . . . . . . . . Secondary . | . . . . . . . . . . . . . . . . . . . . . . . . . . Self-Inflicted Damage 106 | . 21 . . . . . . . . 11 . . . . . . . . . . . . 74 . . Shots 5 | . 1 . . . . . . . . 1 . . . . . . . . . . . . 3 . . Rammed 4 | . . 2 2 . . . . . . . . . . . . . . . . . . . . . . Targets Rammed 4 | . . 2 2 . . . . . . . . . . . . . . . . . . . . . . Kicked . | . . . . . . . . . . . . . . . . . . . . . . . . . . Crushed . | . . . . . . . . . . . . . . . . . . . . . . . . . . Highest Temperature 364 | . 36 15 . . 22 6 10 . . 84 4 149 364 139 256 26 21 67 1 6 204 . 363 3 3 Average Temperature 77 | . 13 12 . . 12 6 4 . . 36 2 68 112 71 106 5 1 9 1 1 67 . 70 3 3 Received Heat Transfer 1461 | . 108 81 156 . 43 72 153 . . 9 27 . 54 18 39 9 88 165 . . . 9 358 27 45 Effects 14 | . . . . . . . . . . . . . 10 . 4 . . . . . . . . . . Shutdowns 3 | . . . . . . . . . . . . . 3 . . . . . . . . . . . . Energy Bleed 1 | . . . . . . . . . . . . . . . 1 . . . . . . . . . . Interference 9 | . . . . . . . . . . . . . 6 . 3 . . . . . . . . . . Damage (minor) 1 | . . . . . . . . . . . . . 1 . . . . . . . . . . . . Siege Activations . | . . . . . . . . . . . . . . . . . . . . . . . . . . Martial Activations . | . . . . . . . . . . . . . . . . . . . . . . . . . . Shielding Activations . | . . . . . . . . . . . . . . . . . . . . . . . . . . Robots Disrupted 2 | . . . . . . . . . . . . . . . . . . . . . . . 2 . . Combat Hostiles 2 | . . . . . . . . . . . . . . . . . . . . . . . 2 . . Robots Corrupted 33 | . . . . . . . 2 . . . . . . . . . . . . . . . 31 . . Combat Hostiles 32 | . . . . . . . 2 . . . . . . . . . . . . . . . 30 . . Parts Fried 46 | . . . . . . . 1 . . . . . . . . . . . . . . . 45 . . Impact Corruptions 4 | . . . . . 1 . 3 . . . . . . . . . . . . . . . . . . Robots Melted . | . . . . . . . . . . . . . . . . . . . . . . . . . . Combat Hostiles . | . . . . . . . . . . . . . . . . . . . . . . . . . . Parts Melted 2 | . . . . . . . . . . . . . . . . . . . . . . . 2 . . Heat Transferred 3897 | . . . . . . . . . . . . . . . . . . . . . . . 3897 . . Parts Sabotaged 1 | . . . . . . . . . . . . . . . . . . . . . . . 1 . . Parts Stolen . | . . . . . . . . . . . . . . . . . . . . . . . . . . Parts Stripped . | . . . . . . . . . . . . . . . . . . . . . . . . . . Power Chain Reactions 28 | . . . . . . . . . . . . . . . . . . . . . . . 28 . . Alert | -11 -10 -10 -10 -8 -8 -6 -6 -6 -6 -5 -5 -5 -5 -5 -4 -4 -4 -4 -4 -3 -3 -3 -3 -2 -1 ------- Run | Yrd Mat Min Sub Rec Scr Fac Low Low Zio Pro Fac Upp Upp War Pro Fac Upp Upp Zhi Pro Res Qua Sec Res Acc Maximum Alert Level 5 | . 1 . . . . 1 . . . . . . . . . 1 . . . . . . 5 5 5 Low Security (%) 71 | 100 87 100 . 100 . 64 . . . . 100 . . . . 45 . . . . 100 100 22 . . Level 1 17 | . 12 . . . . 35 . . . . . . . . . 54 . . . . . . 27 . . Level 2 . | . . . . . . . . . . . . . . . . . . . . . . . . . . Level 3 . | . . . . . . . . . . . . . . . . . . . . . . . . . . Level 4 . | . . . . . . . . . . . . . . . . . . . . . . . . . . Level 5 1 | . . . . . . . . . . . . . . . . . . . . . . . . 100 20 High Security 2 | . . . . . . . . . . . . . . . . . . . . . . . . . 79 Max Security 6 | . . . . . . . . . . . . . . . . . . . . . . . 50 . . Sterilizations 1 | . . . . . . . . . . . . . . . . . . . . . . . 1 . . Peak Influence 5229 | . 250 91 . 143 . 246 . . . . 109 . . . . 348 . . . . 130 172 5229 2998 2393 Initial 2940 | . . 91 . 10 . . . . . . 38 . . . . 126 . . . . 12 9 72 2940 1798 Average 415 | . 91 26 . 41 . 103 . . . . 35 . . . . 201 . . . . 49 121 1899 2957 2072 Influence Increases 10801 | . 567 123 95 260 . 618 275 30 . 325 183 130 125 . 505 746 160 668 . 237 213 477 4091 78 895 Destroy 0b10 Robot/C 5720 | . 280 80 80 . . 220 160 20 . 240 40 80 100 . 340 260 140 440 . 180 100 200 2420 20 320 Destroy 0b10 Robot/NC 260 | . 60 15 . 15 . 5 5 . . . 10 . 5 . 10 20 . . . . . 15 100 . . Destroy Leader 920 | . 58 20 . . . 60 20 10 . 10 12 20 20 . 20 46 20 40 . 30 30 56 358 10 80 Allied During Kill 917 | . . 8 . . . . . . . . . . . . . . . 23 . 27 13 . 633 . 213 Successful Hack 163 | . 17 . . 26 . 10 . . . . . . . . . 52 . . . . 10 48 . . . Disable Machine 600 | . 60 . . 135 . 105 . . . . 15 . . . . 15 . . . . 15 120 135 . . Anti-Garrison Action 150 | . . . . . . . . . . . . . . . . 150 . . . . . . . . . Destroy Structure 451 | . 32 . . 84 . 8 . . . . 16 . . . . 38 . . . . 30 8 220 3 12 Partial Spotted 270 | . . . . . . 75 . . . . . . . . . 45 . . . . . 15 120 15 . Lose Combat Pursuer 1350 | . 60 . 15 . . 135 90 . . 75 90 30 . . 135 120 . 165 . . 15 15 105 30 270 Influence Decreases 9712 | . 333 337 92 196 87 396 315 192 20 263 162 143 169 26 304 632 323 386 434 218 215 364 296 2309 1500 Entered New Map 4706 | . . 143 11 13 87 . 83 36 20 . 24 31 14 26 . 75 117 30 434 . 7 8 58 2289 1200 Time Decay 4436 | . 333 194 81 183 . 396 222 156 . 263 138 112 155 . 304 347 206 356 . 198 188 326 238 20 20 Lost Part 30 | . . . . . . . 10 . . . . . . . . 10 . . . . . 10 . . . Lost Ally 390 | . . . . . . . . . . . . . . . . 50 . . . 20 20 20 . . 280 Purge Threat 150 | . . . . . . . . . . . . . . . . 150 . . . . . . . . . Squads Dispatched 81 | . 2 . . . . 8 . . . . 2 . . . . 10 . 1 . . 2 3 36 . 17 Investigation 5 | . 2 . . . . 1 . . . . . . . . . 2 . . . . . . . . . Extermination 11 | . . . . . . 3 . . . . 1 . . . . 2 . . . . 1 3 1 . . Reinforcement 15 | . . . . . . 1 . . . . 1 . . . . 4 . . . . 1 . 3 . 5 Assault 42 | . . . . . . . . . . . . . . . . 2 . 1 . . . . 30 . 9 Garrison 3 | . . . . . . 3 . . . . . . . . . . . . . . . . . . . Intercept 5 | . . . . . . . . . . . . . . . . . . . . . . . 2 . 3 Searches Triggered . | . . . . . . . . . . . . . . . . . . . . . . . . . . Construction Impeded . | . . . . . . . . . . . . . . . . . . . . . . . . . . Haulers Reinforced . | . . . . . . . . . . . . . . . . . . . . . . . . . . Active Scanning Responses . | . . . . . . . . . . . . . . . . . . . . . . . . . . Cargo Convoy Interrupts . | . . . . . . . . . . . . . . . . . . . . . . . . . . Stealth | -11 -10 -10 -10 -8 -8 -6 -6 -6 -6 -5 -5 -5 -5 -5 -4 -4 -4 -4 -4 -3 -3 -3 -3 -2 -1 --------- Run | Yrd Mat Min Sub Rec Scr Fac Low Low Zio Pro Fac Upp Upp War Pro Fac Upp Upp Zhi Pro Res Qua Sec Res Acc Distress Signals 9 | . 2 . . . . . . . . . 1 . . . . 1 . . . . . 1 3 . 1 Communications Jammed . | . . . . . . . . . . . . . . . . . . . . . . . . . . Distress Signals . | . . . . . . . . . . . . . . . . . . . . . . . . . . Times Spotted 484 | . 22 4 11 . 17 17 12 1 . 13 4 5 5 21 26 26 7 26 . 9 8 20 182 6 42 Peak Tracking Total 25 | . 3 2 2 . 4 3 4 1 . 4 8 5 2 21 5 6 4 7 . 2 4 5 25 7 20 Tactical Retreats 44 | . 2 . 1 . . 7 2 . . 2 2 1 . . 5 3 . 4 . . 1 1 8 1 4 Traps | -11 -10 -10 -10 -8 -8 -6 -6 -6 -6 -5 -5 -5 -5 -5 -4 -4 -4 -4 -4 -3 -3 -3 -3 -2 -1 ------- Run | Yrd Mat Min Sub Rec Scr Fac Low Low Zio Pro Fac Upp Upp War Pro Fac Upp Upp Zhi Pro Res Qua Sec Res Acc Traps Triggered 12 | . 2 1 1 . . 3 . . . . 2 . . . . 1 . . . . . . . . 2 Indirectly . | . . . . . . . . . . . . . . . . . . . . . . . . . . Trap Hack Attempts . | . . . . . . . . . . . . . . . . . . . . . . . . . . Triggered . | . . . . . . . . . . . . . . . . . . . . . . . . . . Disarmed . | . . . . . . . . . . . . . . . . . . . . . . . . . . Reprogrammed . | . . . . . . . . . . . . . . . . . . . . . . . . . . Reused . | . . . . . . . . . . . . . . . . . . . . . . . . . . Traps Extracted . | . . . . . . . . . . . . . . . . . . . . . . . . . . Installed . | . . . . . . . . . . . . . . . . . . . . . . . . . . Triggered . | . . . . . . . . . . . . . . . . . . . . . . . . . . Objects Rigged 3 | . 3 . . . . . . . . . . . . . . . . . . . . . . . . Machines | -11 -10 -10 -10 -8 -8 -6 -6 -6 -6 -5 -5 -5 -5 -5 -4 -4 -4 -4 -4 -3 -3 -3 -3 -2 -1 ---------- Run | Yrd Mat Min Sub Rec Scr Fac Low Low Zio Pro Fac Upp Upp War Pro Fac Upp Upp Zhi Pro Res Qua Sec Res Acc Machines Disabled 53 | . 4 . 1 9 2 7 . . . 3 1 1 . . . 2 . . . 1 1 8 13 . . Max in Single Turn 4 | . 1 . 1 4 1 1 . . . 1 1 1 . . . 1 . . . 1 1 1 1 . . Garrison Access 1 | . . . . . . . . . . . . . . . . 1 . . . . . . . . . Machines Repaired . | . . . . . . . . . . . . . . . . . . . . . . . . . . Machines Dismantled . | . . . . . . . . . . . . . . . . . . . . . . . . . . Machines Sabotaged . | . . . . . . . . . . . . . . . . . . . . . . . . . . Overloaded Fab Kills . | . . . . . . . . . . . . . . . . . . . . . . . . . . Hacking | -11 -10 -10 -10 -8 -8 -6 -6 -6 -6 -5 -5 -5 -5 -5 -4 -4 -4 -4 -4 -3 -3 -3 -3 -2 -1 --------- Run | Yrd Mat Min Sub Rec Scr Fac Low Low Zio Pro Fac Upp Upp War Pro Fac Upp Upp Zhi Pro Res Qua Sec Res Acc Machines Accessed 65 | . 4 1 1 5 3 3 1 . 1 . 4 . 1 3 . 8 1 . 4 1 6 10 8 . . Terminals 38 | . 3 . . 5 . 1 1 . . . 3 . . . . 5 . . . . 3 9 8 . . Fabricators 4 | . . . . . . . . . . . 1 . . . . 2 . . . . 1 . . . . Repair Stations 2 | . . . . . . . . . . . . . . . . . . . . . 2 . . . . Recycling Units 3 | . 1 . . . . 1 . . . . . . . . . 1 . . . . . . . . . Scanalyzers 1 | . . . . . . . . . . . . . . . . . . . . . . 1 . . . Garrison Access 1 | . . . . . . 1 . . . . . . . . . . . . . . . . . . . Total Hacks 236 | . 14 1 9 24 22 9 1 . 6 . 7 . 1 7 . 32 1 . 16 1 24 36 25 . . Successful 154 | . 5 1 9 12 22 2 1 . 6 . 2 . 1 7 . 17 1 . 16 1 12 21 18 . . Failed 82 | . 9 . . 12 . 7 . . . . 5 . . . . 15 . . . . 12 15 7 . . Catastrophic 9 | . 1 . . 2 . 1 . . . . 1 . . . . 3 . . . . . 1 . . . Database Lockouts . | . . . . . . . . . . . . . . . . . . . . . . . . . . Manual 36 | . 4 . . 1 . 2 . . . . 3 1 . 1 . 9 . . . . 3 6 6 . . Terminals 138 | . 11 . . 24 . 2 1 . . . 5 . . . . 25 . . . . 16 29 25 . . Fabricators 10 | . . . . . . . . . . . 2 . . . . 5 . . . . 3 . . . . Repair Stations 5 | . . . . . . . . . . . . . . . . . . . . . 5 . . . . Recycling Units 10 | . 3 . . . . 5 . . . . . . . . . 2 . . . . . . . . . Scanalyzers 7 | . . . . . . . . . . . . . . . . . . . . . . 7 . . . Garrison Access 2 | . . . . . . 2 . . . . . . . . . . . . . . . . . . . Terminal Hacks 122 | . 2 1 9 11 22 . 1 . 6 . 2 . 1 7 . 10 1 . 16 1 6 13 13 . . Record 40 | . . . 8 . 17 . 1 . . . . . . 5 . . . . 4 1 . 2 2 . . Part Schematic 12 | . . . . 2 . . . . 6 . . . . . . . . . 4 . . . . . . Robot Schematic 2 | . . . . 1 . . . . . . . . . . . . . . . . . 1 . . . Robot Analysis 10 | . . . . . 4 . . . . . . . . . . 2 . . 4 . . . . . . Prototype ID Bank 7 | . . . . 1 . . . . . . 1 . . . . . . . 4 . . 1 . . . Open Door 9 | . . 1 . . . . . . . . . . 1 2 . . 1 . . . . 1 3 . . Level Access Points 1 | . . . . . . . . . . . . . . . . 1 . . . . . . . . . Branch Access Points 2 | . . . . . . . . . . . . . . . . . . . . . 1 1 . . . Emergency Access Points 5 | . . . . . . . . . . . . . . . . 2 . . . . 1 1 1 . . Machine Index 3 | . . . . . . . . . . . . . . . . 1 . . . . 1 1 . . . Terminal Index 2 | . . . . 1 . . . . . . 1 . . . . . . . . . . . . . . Fabricator Index 1 | . . . . . . . . . . . . . . . . . . . . . . . 1 . . Alert Level 4 | . . . . 1 . . . . . . . . . . . 1 . . . . . . 2 . . Unreport Threat 1 | . . . . . . . . . . . . . . . . 1 . . . . . . . . . Locate Traps 6 | . 1 . . . . . . . . . . . . . . 2 . . . . 1 1 1 . . Maintenance Status 3 | . . . . 1 . . . . . . . . . . . . . . . . . 2 . . . Registered Components 4 | . . . . 1 . . . . . . . . . . . . . . . . 1 1 1 . . Registered Prototypes 1 | . . . . . . . . . . . . . . . . . . . . . . 1 . . . Zone Layout 6 | . 1 . . 3 . . . . . . . . . . . . . . . . 1 . 1 . . Proto ID Catalog 2 | . . . 1 . 1 . . . . . . . . . . . . . . . . . . . . Activate Exoskeleton 1 | . . . . . . . . . . . . . . . . . . . . . . . 1 . . Fabricator Hacks 5 | . . . . . . . . . . . . . . . . 4 . . . . 1 . . . . Load Schematic 2 | . . . . . . . . . . . . . . . . 1 . . . . 1 . . . . Build 3 | . . . . . . . . . . . . . . . . 3 . . . . . . . . . Repair Station Hacks 4 | . . . . . . . . . . . . . . . . . . . . . 4 . . . . Scan Component 2 | . . . . . . . . . . . . . . . . . . . . . 2 . . . . Repair 2 | . . . . . . . . . . . . . . . . . . . . . 2 . . . . Recycling Unit Hacks 2 | . 1 . . . . 1 . . . . . . . . . . . . . . . . . . . Retrieve Components 2 | . 1 . . . . 1 . . . . . . . . . . . . . . . . . . . Scanalyzer 5 | . . . . . . . . . . . . . . . . . . . . . . 5 . . . Insert Component 5 | . . . . . . . . . . . . . . . . . . . . . . 5 . . . Garrison Access Hacks . | . . . . . . . . . . . . . . . . . . . . . . . . . . Unauthorized Hacks 16 | . 2 . . 1 . 1 . . . . . . . . . 3 . . . . 1 3 5 . . Terminals 15 | . 2 . . 1 . . . . . . . . . . . 3 . . . . 1 3 5 . . Track 2 | . . . . . . . . . . . . . . . . . . . . . . . 2 . . Assimilate 3 | . . . . . . . . . . . . . . . . . . . . . 1 2 . . . Botnet 3 | . . . . 1 . . . . . . . . . . . . . . . . . 1 1 . . Detonate 1 | . 1 . . . . . . . . . . . . . . . . . . . . . . . . Disrupt 4 | . 1 . . . . . . . . . . . . . . 2 . . . . . . 1 . . Operators 2 | . . . . . . . . . . . . . . . . 1 . . . . . . 1 . . Fabricators . | . . . . . . . . . . . . . . . . . . . . . . . . . . Repair Stations . | . . . . . . . . . . . . . . . . . . . . . . . . . . Recycling Units . | . . . . . . . . . . . . . . . . . . . . . . . . . . Scanalyzers . | . . . . . . . . . . . . . . . . . . . . . . . . . . Garrison Access 1 | . . . . . . 1 . . . . . . . . . . . . . . . . . . . Watchers 1 | . . . . . . 1 . . . . . . . . . . . . . . . . . . . Data Cores Recovered 1 | . . . . . . . . . . . . . . . . . . . . . . . 1 . . Used 1 | . . . . . . . . . . . . . . . . . . . . . . . 1 . . Hacking Detections 33 | . 3 . . 5 . 3 . . . . 3 . . . . 7 . . . . 4 5 3 . . Full Trace Events 6 | . . . . 3 . 1 . . . . . . . . . 2 . . . . . . . . . Feedback Events . | . . . . . . . . . . . . . . . . . . . . . . . . . . Feedback Blocked . | . . . . . . . . . . . . . . . . . . . . . . . . . . Robot Schematics Acquired 4 | . . . . 1 . . . . . . . . . . . . . . . . . 1 2 . . Robots Built 4 | . . . . . . . . . . . . . . . . 4 . . . . . . . . . Authchips . | . . . . . . . . . . . . . . . . . . . . . . . . . . Time 142 | . . . . . . . . . . . . . . . . 142 . . . . . . . . . Total Robot Build Rating 13 | . . . . . . . . . . . . . . . . 13 . . . . . . . . . Part Schematics Acquired 16 | . . . . 2 . . . . 6 . . . . . . . . . 4 . . . 4 . . Parts Built 1 | . . . . . . . . . . . . . . . . 1 . . . . . . . . . Authchips . | . . . . . . . . . . . . . . . . . . . . . . . . . . Time 64 | . . . . . . . . . . . . . . . . 64 . . . . . . . . . Total Part Build Rating 8 | . . . . . . . . . . . . . . . . 8 . . . . . . . . . Parts Repaired 2 | . . . . . . . . . . . . . . . . . . . . . 2 . . . . Time 111 | . . . . . . . . . . . . . . . . . . . . . 111 . . . . Parts Recycled . | . . . . . . . . . . . . . . . . . . . . . . . . . . Recycled Matter . | . . . . . . . . . . . . . . . . . . . . . . . . . . Retrieved Matter . | . . . . . . . . . . . . . . . . . . . . . . . . . . Retrieved Components 20 | . 10 . . . . 10 . . . . . . . . . . . . . . . . . . . Parts Scanalyzed . | . . . . . . . . . . . . . . . . . . . . . . . . . . Part Schematics Acquired . | . . . . . . . . . . . . . . . . . . . . . . . . . . Parts Damaged . | . . . . . . . . . . . . . . . . . . . . . . . . . . Bothacking | -11 -10 -10 -10 -8 -8 -6 -6 -6 -6 -5 -5 -5 -5 -5 -4 -4 -4 -4 -4 -3 -3 -3 -3 -2 -1 ------------ Run | Yrd Mat Min Sub Rec Scr Fac Low Low Zio Pro Fac Upp Upp War Pro Fac Upp Upp Zhi Pro Res Qua Sec Res Acc Used RIF Installer . | . . . . . . . . . . . . . . . . . . . . . . . . . . Robots Hacked . | . . . . . . . . . . . . . . . . . . . . . . . . . . Non-combat . | . . . . . . . . . . . . . . . . . . . . . . . . . . Combat . | . . . . . . . . . . . . . . . . . . . . . . . . . . Robot Hacks Applied . | . . . . . . . . . . . . . . . . . . . . . . . . . . Relay Couplers Released 2 | . . . . . . . . . . . . . . . . 2 . . . . . . . . . Machine Destruction 2 | . . . . . . . . . . . . . . . . 2 . . . . . . . . . Fabnet Peak Effective % . | . . . . . . . . . . . . . . . . . . . . . . . . . . Robots Rewired 2 | . . . . . . . . . . . . . . . . . . 2 . . . . . . . Allies Hacked 2 | . . . . . . . . . . . . . . . . . . . . . 1 1 . . . Hacks Repelled . | . . . . . . . . . . . . . . . . . . . . . . . . . . Allies | -11 -10 -10 -10 -8 -8 -6 -6 -6 -6 -5 -5 -5 -5 -5 -4 -4 -4 -4 -4 -3 -3 -3 -3 -2 -1 -------- Run | Yrd Mat Min Sub Rec Scr Fac Low Low Zio Pro Fac Upp Upp War Pro Fac Upp Upp Zhi Pro Res Qua Sec Res Acc Total Allies 29 | . . 3 . . 1 . . . . . . . . . . 4 . 2 . . 1 2 1 . 15 Largest Group 15 | . . 3 3 . 1 . . . . . . . . . . 3 . 2 2 2 1 2 1 . 15 Highest-Rated Group 1204 | . . 40 40 . 62 . . . . . . . . . . 45 . 77 77 77 30 36 1204 . 211 Highest-Rated Ally 1204 | . . 16 16 . 62 . . . . . . . . . . 45 . 47 47 47 30 26 1204 . 15 Total Orders . | . . . . . . . . . . . . . . . . . . . . . . . . . . Ally Attacks 194 | . . 2 9 . 4 . . . . . . . . . . 4 . 5 . 1 . . 119 . 50 Total Damage 13248 | . . 16 128 . 54 . . . . . . . . . . 70 . 168 . 22 . . 12052 . 738 Kills 53 | . . . 1 . 1 . . . . . . . . . . . . 1 . . . . 46 . 4 Allies Corrupted . | . . . . . . . . . . . . . . . . . . . . . . . . . . Allies Melted 11 | . . . . . 10 . . . . . . . . . . 1 . . . . . . . . . Intel | -11 -10 -10 -10 -8 -8 -6 -6 -6 -6 -5 -5 -5 -5 -5 -4 -4 -4 -4 -4 -3 -3 -3 -3 -2 -1 ------- Run | Yrd Mat Min Sub Rec Scr Fac Low Low Zio Pro Fac Upp Upp War Pro Fac Upp Upp Zhi Pro Res Qua Sec Res Acc Active Infowar (turns) 15411 | . 221 56 2658 612 1212 1321 464 344 350 607 465 327 636 315 755 781 435 805 106 403 472 720 1045 50 251 Sensors 10291 | . . . . . . 1000 464 344 347 607 465 327 616 300 755 781 435 805 104 403 472 720 1045 50 251 Terrain 32 | . . . . . . . . . . . . . . . . . . . . . . . 32 . . Structural 15411 | . 221 56 2658 612 1212 1321 464 344 350 607 465 327 636 315 755 781 435 805 106 403 472 720 1045 50 251 Traps 419 | . . . . . 147 271 . . . . . . 1 . . . . . . . . . . . . Seismic 2 | . . . . . . . . . . . . . . . . . . . . . . . 2 . . Jamming 6 | . . . . . . . . . . . . . . . . . . . . . . . 6 . . ECM 64 | . . . . . . . . . . . . . . . . . . . . . . . 64 . . Robot Analysis Total 10 | . . . . . 4 . . . . . . . . . . 2 . . 4 . . . . . . Derelict Logs Recovered 14 | . . 1 2 . 2 . 1 2 . 1 . 2 . . 1 . 1 1 . . . . . . . Drone Launches . | . . . . . . . . . . . . . . . . . . . . . . . . . . Drone Recoveries . | . . . . . . . . . . . . . . . . . . . . . . . . . . Exploration | -11 -10 -10 -10 -8 -8 -6 -6 -6 -6 -5 -5 -5 -5 -5 -4 -4 -4 -4 -4 -3 -3 -3 -3 -2 -1 ------------- Run | Yrd Mat Min Sub Rec Scr Fac Low Low Zio Pro Fac Upp Upp War Pro Fac Upp Upp Zhi Pro Res Qua Sec Res Acc Turns Passed 17248 | 26 1489 598 2658 612 1213 1321 464 344 350 607 465 327 636 315 755 781 435 805 106 403 472 720 1045 50 251 Spaces Moved 23461 | 13 682 326 1446 535 1863 1764 802 888 884 1145 708 654 1033 690 1522 1450 885 1284 162 824 531 1546 1380 78 366 Core 2 | . . . . . . . . . . . . . . . . . . 1 . . . . . . 1 Treads 2725 | 7 682 326 1446 264 . . . . . . . . . . . . . . . . . . . . . Legs 6 | 6 . . . . . . . . . . . . . . . . . . . . . . . . . Wheels . | . . . . . . . . . . . . . . . . . . . . . . . . . . Hover . | . . . . . . . . . . . . . . . . . . . . . . . . . . Flight 20728 | . . . . 271 1863 1764 802 888 884 1145 708 654 1033 690 1522 1450 885 1283 162 824 531 1546 1380 78 365 Fastest Speed 28 | 120 160 160 160 40 40 37 37 37 37 37 37 32 32 28 28 28 32 28 32 28 28 29 29 35 35 Average Speed 49 | 141 160 160 160 99 40 39 37 37 37 37 37 36 33 32 31 31 32 31 32 31 30 33 34 35 35 Slowest Speed 200 | 160 160 160 160 160 80 80 37 37 37 37 37 37 34 34 32 32 32 200 32 32 32 34 119 35 100 Overloaded Moves 853 | . . . . . . . . . . . . . . 14 9 20 . 92 . 21 63 77 557 . . Propulsion Burnouts . | . . . . . . . . . . . . . . . . . . . . . . . . . . Robots Hopped 18 | . . . . 7 . 1 1 . . . 3 . . . . 4 . 1 . . . . 1 . . Potential Cave-ins 3 | . . . . . 1 . . . . . . . . . . . . . . . 2 . . . . Cave-ins Triggered 1 | . . . . . 1 . . . . . . . . . . . . . . . . . . . . Exploration Rate (%) 62 | 2 83 64 73 81 93 23 81 84 81 86 22 80 78 87 92 24 83 90 60 92 16 77 66 4 10 Regions Visited 25 Branch Regions 18 Pre-discovered Areas 11 | . . 2 1 . 5 . . . 1 . . . . . . . . . 2 . . . . . . Known Exits Taken 14 | . . . . . . 1 1 1 1 1 1 1 1 1 1 1 . . . 1 1 . 1 . . Unknown Exits Taken 11 | 1 1 1 1 1 1 . . . . . . . . . . . 1 1 1 . . 1 . 1 . Scrap Searched 35 | . . 1 4 . 5 . 3 . 2 5 . 3 1 . 2 . 4 4 . 1 . . . . . Spaces Dug 107 | . . . 6 . 5 8 . 2 . 9 9 2 . 3 5 15 2 2 . . 21 4 9 1 4 Terrain Destroyed 476 | . 41 . 9 94 5 8 . 2 . 101 9 2 . 3 57 15 2 2 . . 21 4 96 1 4 Melee 93 | . . . . . 5 8 . 2 . 9 9 2 . 3 5 15 2 2 . . 17 4 5 1 4 Projectile 5 | . . . . . . . . . . . . . . . 1 . . . . . 4 . . . . AOE 378 | . 41 . 9 94 . . . . . 92 . . . . 51 . . . . . . . 91 . . Terrain Rammed . | . . . . . . . . . . . . . . . . . . . . . . . . . . Walls Destroyed . | . . . . . . . . . . . . . . . . . . . . . . . . . . Machines Disabled . | . . . . . . . . . . . . . . . . . . . . . . . . . . Actions | -11 -10 -10 -10 -8 -8 -6 -6 -6 -6 -5 -5 -5 -5 -5 -4 -4 -4 -4 -4 -3 -3 -3 -3 -2 -1 --------- Run | Yrd Mat Min Sub Rec Scr Fac Low Low Zio Pro Fac Upp Upp War Pro Fac Upp Upp Zhi Pro Res Qua Sec Res Acc Total 27792 | 20 934 376 1724 595 2283 2292 917 892 906 1251 866 724 1271 774 1737 1671 1011 1627 214 943 778 1672 1796 91 427 Wait 2673 | . 139 29 202 48 328 414 76 . . 28 83 45 196 54 144 108 92 236 38 63 190 39 105 . 16 Move 23401 | 12 681 325 1445 521 1862 1761 799 887 883 1144 701 653 1032 689 1521 1441 884 1281 161 823 530 1545 1377 77 366 Hop 17 | . . . . 6 . 1 1 . . . 3 . . . . 4 . 1 . . . . 1 . . Pick Up 68 | . 4 . 4 1 5 4 1 . 3 1 3 2 2 5 3 7 . 3 2 2 4 9 3 . . Fast Attach 138 | 5 7 3 6 1 12 5 1 . 7 6 6 3 3 10 1 8 1 . 6 . 3 3 37 . 4 Attach 16 | . . . . 1 1 1 . . . 4 . . . . 1 2 . 1 . 1 1 3 . . . Detach 10 | . . . . 1 . . . . . 4 . . . . . 1 . . . . . . 4 . . Swap 41 | . 2 1 10 . 3 2 . . 3 1 . . 1 . 2 . . . 1 1 5 2 6 . 1 Drop 161 | 3 7 1 11 2 14 5 . . 10 7 7 4 6 13 2 12 1 3 6 1 3 9 32 . 2 Fire 226 | . 81 12 32 14 . . . . . 16 . . . . 3 . . . . . 4 . 64 . . Melee 494 | . . . 4 . 22 42 24 5 . 30 19 7 22 3 31 48 18 37 . 14 30 48 57 4 29 Ram . | . . . . . . . . . . . . . . . . . . . . . . . . . . Kick . | . . . . . . . . . . . . . . . . . . . . . . . . . . Crush 4 | . . 2 2 . . . . . . . . . . . . . . . . . . . . . . Escape Stasis 126 | . . . . . . 30 . . . . 36 . . . . 18 . . . . . . 39 . 3 Rewire 16 | . . . . . . . . . . . . . . . . . . 16 . . . . . . . Trap . | . . . . . . . . . . . . . . . . . . . . . . . . . . Miscellaneous 401 | . 13 3 8 . 36 27 15 . . 10 8 10 9 . 29 22 15 49 . 38 8 14 71 10 6 Route ------- -11/Scrapyard -10/Materials (discovered 4 exits: [*Mat x3] / *Min) -10/Mines (discovered 3 exits: [*Mat x2] / *Sub) -10/Subcaves (discovered 2 exits: [*Mat] / *Rec) -8/Recycling (discovered 2 exits: *Fac / *Scr) -8/Scraptown (discovered 2 exits: *Fac x2) -6/Factory (discovered 3 exits: *Fac x2 / *Low) -6/Lower Caves -6/Lower Caves (discovered 2 exits: *Fac / *Zio) -6/Zion -5/Proximity Caves -5/Factory (discovered 2 exits: *Upp x2) -5/Upper Caves -5/Upper Caves (discovered 2 exits: *Fac / *War) -5/Warlord -4/Proximity Caves -4/Factory (discovered 7 exits: Res x4 / *Upp x2 / Ext) -4/Upper Caves -4/Upper Caves (discovered 2 exits: *Res / *Zhi) -4/Zhirov -3/Proximity Caves -3/Research (discovered 5 exits: Res x2 / Arm / *Qua x2) -3/Quarantine (discovered 2 exits: *Sec / [*Frg]) -3/Section 7 -2/Research (discovered 2 exits: [*Acc] / [*Tes]) -1/Access History --------- Turn | Location | Event 1 | -11/Scrapyard | Discovered new exit (range 1) 6 | -11/Scrapyard | Upgraded with Weapon slot (x1) 15 | -11/Scrapyard | Upgraded with Propulsion slot (x1) 27 | -11/Scrapyard | Entered Materials 258 | -10/Materials | Discovered new exit (range 13) 313 | -10/Materials | Build established: Mutant 415 | -10/Materials | Discovered new exit (range 15) 630 | -10/Materials | Discovered new exit (range 16) 823 | -10/Materials | Upgraded with Utility slot (x1) 1188 | -10/Materials | Discovered new exit (range 8) 1257 | -10/Materials | Reached level 2 1516 | -10/Materials | Entered Mines 1629 | -10/Mines | Met a Derelict who couldn't figure out how to use a Trap Extractor 1739 | -10/Mines | Learned location of Storage (-8) 1900 | -10/Mines | Assisted by bots powering up and referring to "LRC-V3" 1924 | -10/Mines | Discovered new exit (range 11) 1991 | -10/Mines | Reached level 3 1994 | -10/Mines | Discovered new exit (range 13) 1995 | -10/Mines | Discovered new exit (range 10) 2028 | -10/Mines | Upgraded with Utility slot (x1) 2114 | -10/Mines | Entered Subcaves 2114 | -10/Subcaves | Accompanied by 3 allies 2501 | -10/Subcaves | Shifting Twisted Machinery released Mak. Sword 2686 | -10/Subcaves | Curiously followed by a Cobbler waking with a query about "LVR3C" 2850 | -10/Subcaves | Visited 4L-MR0's lab 3122 | -10/Subcaves | A swath of the cavern ceiling suddenly collapsed 3182 | -10/Subcaves | Core integrity fell below 50% 3210 | -10/Subcaves | Shifting Twisted Machinery released Mak. Shrapnel Gun 3288 | -10/Subcaves | Learned Materials stockpile data 4036 | -10/Subcaves | Discovered new exit (range 11) 4054 | -10/Subcaves | Core integrity fell below 20% 4215 | -10/Subcaves | Shifting Twisted Machinery released Shrapnel Trap 4278 | -10/Subcaves | Discovered new exit (range 5) 4551 | -10/Subcaves | Found Flightbrick 4772 | -10/Subcaves | Entered Recycling 4774 | -8/Recycling | Reached level 4 5025 | -8/Recycling | Discovered new exit (range 14) 5213 | -8/Recycling | Reached level 5 5215 | -8/Recycling | Upgraded with Propulsion slot (x2) 5217 | -8/Recycling | Attached Flightbrick, gained temporary slots: Utility x3 5328 | -8/Recycling | Scanned before Scraplab entrance 5379 | -8/Recycling | Discovered new exit (range 11) 5380 | -8/Recycling | Entered Scraplab 5384 | -8/Recycling | Entered Scraptown 5467 | -8/Scraptown | Discovered new exit (range 11) 5487 | -8/Scraptown | Scanned Subdweller tech in exchange for log data 5488 | -8/Scraptown | Learned location of 1 exit from Research 5489 | -8/Scraptown | Learned Research emergency access door positions 5519 | -8/Scraptown | Visited Fellowship of the Rings 5601 | -8/Scraptown | Visited Comm Corps 5613 | -8/Scraptown | Visited Assassins FH 5617 | -8/Scraptown | Visited Spacefarers 5652 | -8/Scraptown | Visited TADAMA 5656 | -8/Scraptown | Visited IN-MT5's Study 5667 | -8/Scraptown | Visited UFD Registry 5667 | -8/Scraptown | Registered with UFD as "Gammagrid" 5675 | -8/Scraptown | Visited Curators Association 5680 | -8/Scraptown | Visited Scrapoid Research Area 5691 | -8/Scraptown | Visited Analyses Database 5760 | -8/Scraptown | Visited DA-N13 Charitable Foundation 5761 | -8/Scraptown | Found DCF Scrap (29 items) 5804 | -8/Scraptown | Visited Scrapoid Pod Storage 5822 | -8/Scraptown | Visited Scrap Suit Storage 5830 | -8/Scraptown | Visited Botcube Research 5838 | -8/Scraptown | Visited Science Guys 5851 | -8/Scraptown | Visited Cartography Club 5886 | -8/Scraptown | Learned location of Proximity Caves (-5) 5886 | -8/Scraptown | Learned location of Warlord (-5) 5886 | -8/Scraptown | Learned location of Extension (-4) 5886 | -8/Scraptown | Learned location of Armory (-3) 5886 | -8/Scraptown | Learned 16 Materials zone layouts 5886 | -8/Scraptown | Learned location of Testing (-2) 5886 | -8/Scraptown | Learned 8 Research zone layouts 5886 | -8/Scraptown | Learned 20 Upper Caves zone layouts 5886 | -8/Scraptown | Learned 12 Proximity Caves zone layouts 5886 | -8/Scraptown | Learned 4 Armory zone layouts 5886 | -8/Scraptown | Learned Research emergency access door positions 5886 | -8/Scraptown | Learned location of 1 exit from Factory 5886 | -8/Scraptown | Learned location of 2 exits from Lower Caves 5890 | -8/Scraptown | Found Deep Structural Scanner 5923 | -8/Scraptown | Discovered new exit (range 12) 6145 | -8/Scraptown | Met Optimus 6145 | -8/Scraptown | Accepted into 0bPrime 6233 | -8/Scraptown | Civil war broke out across Scraptown 6242 | -8/Scraptown | Upgraded with Utility slot (x1) 6274 | -8/Scraptown | Found DM-GVY's Chainsaw 6382 | -8/Scraptown | Lost 8 allies 6405 | -8/Scraptown | Found Botcube 6426 | -8/Scraptown | Botcube activated 6436 | -8/Scraptown | Visited A0-MCA Data Center 6440 | -8/Scraptown | Found Prototype Processor 6440 | -8/Scraptown | Identified Expert System 6497 | -8/Scraptown | Crushed by falling debris 6548 | -8/Scraptown | Optimus destroyed in the chaos of civil war 6584 | -8/Scraptown | Build established: Hacker-Gladiator 6596 | -8/Scraptown | Lost 14 allies 6597 | -8/Scraptown | Entered Factory 6598 | -6/Factory | Identified exit to Factory 6598 | -6/Factory | Core integrity fell below 50% 6599 | -6/Factory | Reached level 6 6701 | -6/Factory | Upgraded with Power slot (x1) 6803 | -6/Factory | Reached level 7 6809 | -6/Factory | Upgraded with Propulsion slot (x1) 7016 | -6/Factory | Discovered new exit (range 10) 7022 | -6/Factory | Identified exit to Lower Caves 7222 | -6/Factory | Build established: Hacker-Scout 7225 | -6/Factory | Garrison activated, responded to threat 7726 | -6/Factory | Discovered exit to Factory (range 10) 7894 | -6/Factory | Reached level 8 7915 | -6/Factory | Upgraded with Utility slot (x1) 7918 | -6/Factory | Entered Lower Caves 7919 | -6/Lower Caves | Identified exit to Lower Caves 8012 | -6/Lower Caves | Learned Factory stockpile data 8109 | -6/Lower Caves | Encountered a Warlord checkpoint 8382 | -6/Lower Caves | Entered another Lower Caves area 8384 | -6/Lower Caves | Reached level 9 8459 | -6/Lower Caves | Encountered a Warlord checkpoint 8488 | -6/Lower Caves | Identified exit to Zion 8498 | -6/Lower Caves | Learned Factory emergency access door positions 8664 | -6/Lower Caves | Spotted B-75 Beast 8726 | -6/Lower Caves | Entered Zion 8734 | -6/Zion | Given the Hacking Drone Bay 8737 | -6/Zion | Found Prototype Device 8737 | -6/Zion | Identified Hacking Drone Bay 8745 | -6/Zion | Upgraded with Weapon slot (x1) 8799 | -6/Zion | Visited the Megawrench Repair Shop 8802 | -6/Zion | Megawrench repaired 8 parts 8884 | -6/Zion | Found Prototype Special Weapon 8884 | -6/Zion | Identified RU-N14's Throwing Claymores 8889 | -6/Zion | Found RU-N14's Throwing Claymores 8967 | -6/Zion | Found Prototype Device 8967 | -6/Zion | Identified Phasing AFG 9058 | -6/Zion | Discovered new exit (range 10) 9067 | -6/Zion | Found Prototype Launcher 9076 | -6/Zion | Identified exit to Proximity Caves 9076 | -6/Zion | Entered Proximity Caves 9078 | -5/Proximity Caves | Reached level 10 9154 | -5/Proximity Caves | Identified Gui. Missile Launcher 9170 | -5/Proximity Caves | Attracted the attention of an 0b10 checkpoint 9502 | -5/Proximity Caves | Reached level 11 9507 | -5/Proximity Caves | Attracted the attention of an 0b10 base 9533 | -5/Proximity Caves | Destroyed 7 combat bots 9683 | -5/Proximity Caves | Entered Factory 9684 | -5/Factory | Identified exit to Upper Caves 9685 | -5/Factory | Reached level 12 9712 | -5/Factory | Upgraded with Utility slot (x1) 10148 | -5/Factory | Entered Upper Caves 10149 | -5/Upper Caves | Identified exit to Upper Caves 10269 | -5/Upper Caves | Upgraded with Power slot (x1) 10269 | -5/Upper Caves | Upgraded with Weapon slot (x1) 10294 | -5/Upper Caves | Encountered a Warlord checkpoint 10327 | -5/Upper Caves | Acquired the password to a Derelict Tinkerer's latest research 10366 | -5/Upper Caves | Learned 4 Factory zone layouts 10400 | -5/Upper Caves | Learned Factory security intel 10428 | -5/Upper Caves | Reached level 13 10436 | -5/Upper Caves | Upgraded with Propulsion slot (x1) 10475 | -5/Upper Caves | Entered another Upper Caves area 10475 | -5/Upper Caves | Discovered new exit (range 8) 10701 | -5/Upper Caves | Identified exit to Factory 10866 | -5/Upper Caves | Encountered a Warlord checkpoint 10882 | -5/Upper Caves | Discovered new exit (range 13) 10962 | -5/Upper Caves | Attracted the attention of an 0b10 checkpoint 11110 | -5/Upper Caves | Identified exit to Warlord 11111 | -5/Upper Caves | Entered Warlord 11113 | -5/Warlord | Reached level 14 11123 | -5/Warlord | System corruption cleaned by Quarantine Array 11201 | -5/Warlord | Visited the Vortex Lab 11204 | -5/Warlord | Found Prototype Launcher 11204 | -5/Warlord | Identified Vortex Catalyst Activator 11206 | -5/Warlord | Found Prototype Piercing Weapon 11206 | -5/Warlord | Identified Vortex Lance 11211 | -5/Warlord | Found Vortex Lance 11222 | -5/Warlord | Warlord's base attacked by MAIN.C 11227 | -5/Warlord | Found Prototype Device 11227 | -5/Warlord | Identified Thermal Barrier 11230 | -5/Warlord | Found Prototype Device 11230 | -5/Warlord | Identified Exp. Phase Shifter 11236 | -5/Warlord | Found Prototype Hackware 11236 | -5/Warlord | Identified Ghost Barrier 11239 | -5/Warlord | Found Prototype Processor 11239 | -5/Warlord | Identified Exp. Armor Integrity Analyzer 11325 | -5/Warlord | Rebuked by Warlord 11362 | -5/Warlord | Opened side exit 11422 | -5/Warlord | Discovered new exit (range 13) 11425 | -5/Warlord | Identified exit to Proximity Caves 11426 | -5/Warlord | Entered Proximity Caves 11428 | -4/Proximity Caves | Reached level 15 11506 | -4/Proximity Caves | Attracted the attention of an 0b10 checkpoint 11518 | -4/Proximity Caves | Core integrity fell below 50% 11569 | -4/Proximity Caves | Learned Research emergency access door positions 11713 | -4/Proximity Caves | Reached level 16 11732 | -4/Proximity Caves | Upgraded with Utility slot (x1) 12175 | -4/Proximity Caves | Discovered exit to Factory (range 15) 12181 | -4/Proximity Caves | Entered Factory 12182 | -4/Factory | Identified exit to Upper Caves 12182 | -4/Factory | Identified exit to Extension 12183 | -4/Factory | Reached level 17 12265 | -4/Factory | Identified exit to Research 12265 | -4/Factory | Reached level 18 12339 | -4/Factory | Fabricated O-32 Director? 12464 | -4/Factory | Fabricated B-36 Bruiser (x3) 12624 | -4/Factory | Destroyed 7 combat bots 12767 | -4/Factory | Reached level 19 12890 | -4/Factory | Fabricated Impulse Thruster Array (x1) 12962 | -4/Factory | Entered Upper Caves 12974 | -4/Upper Caves | Learned Research security intel 13300 | -4/Upper Caves | Reached level 20 13347 | -4/Upper Caves | Discovered new exit (range 13) 13397 | -4/Upper Caves | Entered another Upper Caves area 13397 | -4/Upper Caves | Discovered exit to Research (range 16) 13399 | -4/Upper Caves | Learned Research emergency access door positions 13588 | -4/Upper Caves | Build established: Hacker-Sprinter 13616 | -4/Upper Caves | Encountered a Warlord checkpoint 13675 | -4/Upper Caves | Attracted the attention of an 0b10 outpost 13806 | -4/Upper Caves | Reached level 21 14064 | -4/Upper Caves | Upgraded with Utility slot (x1) 14101 | -4/Upper Caves | Discovered new exit (range 14) 14202 | -4/Upper Caves | Entered Zhirov 14202 | -4/Zhirov | Accompanied by 2 allies 14202 | -4/Zhirov | Discovered new exit (range 3) 14204 | -4/Zhirov | Reached level 22 14208 | -4/Zhirov | Met Zhirov 14214 | -4/Zhirov | Learned location of Quarantine (-3) 14218 | -4/Zhirov | Zhirov requested help retrieving the SGEMP Prototype 14224 | -4/Zhirov | Found Alien Artifact 14224 | -4/Zhirov | Identified Integrated Reactor 14224 | -4/Zhirov | Installed Integrated Reactor, increased core energy generation (+10) 14256 | -4/Zhirov | Found Alien Artifact 14308 | -4/Zhirov | Entered Proximity Caves 14308 | -3/Proximity Caves | Accompanied by 2 allies 14310 | -3/Proximity Caves | Reached level 23 14449 | -3/Proximity Caves | Upgraded with Weapon slot (x1) 14452 | -3/Proximity Caves | Found Alien Artifact 14601 | -3/Proximity Caves | Discovered exit to Research (range 18) 14711 | -3/Proximity Caves | Entered Research 14711 | -3/Research | Accompanied by 1 ally 14712 | -3/Research | Identified exit to Quarantine 14713 | -3/Research | Identified exit to Research 14713 | -3/Research | Reached level 24 14713 | -3/Research | Reached level 25 14754 | -3/Research | Repaired Adv. Focal Shield 14802 | -3/Research | Identified exit to Armory 15004 | -3/Research | Repaired Exp. Propulsion Shielding 15123 | -3/Research | Upgraded with Propulsion slot (x1) 15183 | -3/Research | Entered Quarantine 15183 | -3/Quarantine | Accompanied by 1 ally 15185 | -3/Quarantine | Reached level 26 15209 | -3/Quarantine | Found Alien Artifact 15316 | -3/Quarantine | Reached level 27 15322 | -3/Quarantine | Upgraded with Utility slot (x1) 15442 | -3/Quarantine | Identified Core Reset Matrix 15442 | -3/Quarantine | Identified Dimensional Node Initializer 15442 | -3/Quarantine | Identified Transdimensional Reconstructor 15495 | -3/Quarantine | Build established: Hacker-Gladiator 15560 | -3/Quarantine | Initialized slip node 15656 | -3/Quarantine | Found Alien Artifact 15658 | -3/Quarantine | Found Alien Artifact 15674 | -3/Quarantine | Identified Terrabomb (x2) 15769 | -3/Quarantine | Found Alien Artifact 15785 | -3/Quarantine | Identified Subatomic Replicator 15798 | -3/Quarantine | Used Core Reset Matrix 15802 | -3/Quarantine | Detected hypermatrix surge 15802 | -3/Quarantine | Sensed 2 artifacts in vicinity 15828 | -3/Quarantine | Met incapacitated Sigix Warrior 15828 | -3/Quarantine | Lockdown squad dispatched 15828 | -3/Quarantine | Reached level 28 15838 | -3/Quarantine | Found Sigix Containment Pod 15840 | -3/Quarantine | Used Subatomic Replicator to create Supercharged TR 15880 | -3/Quarantine | Spotted Fortress 15902 | -3/Quarantine | Discovered new exit (range 6) 15902 | -3/Quarantine | Discovered new exit (range 7) 15903 | -3/Quarantine | Entered Section 7 15904 | -3/Section 7 | Detected hypermatrix surge 15904 | -3/Section 7 | Sensed 21 artifacts in vicinity 16004 | -3/Section 7 | Discovered exit to Research (range 11) 16073 | -3/Section 7 | Found Prototype Launcher 16073 | -3/Section 7 | Identified Hellfire Missile Launcher 16111 | -3/Section 7 | Spotted Alpha 7 16131 | -3/Section 7 | Spotted Alpha 7 16142 | -3/Section 7 | Destroyed Alpha 7 16147 | -3/Section 7 | Core integrity fell below 50% 16163 | -3/Section 7 | Found Prototype Processor 16163 | -3/Section 7 | Identified Exp. Targeting Computer 16171 | -3/Section 7 | Found Prototype Device 16171 | -3/Section 7 | Identified Exp. ECM Suite 16194 | -3/Section 7 | Spotted B-99 Colossus 16370 | -3/Section 7 | Spotted Executioner 16372 | -3/Section 7 | Spotted Executioner 16387 | -3/Section 7 | Spotted Executioner 16390 | -3/Section 7 | Spotted Striker 16403 | -3/Section 7 | Reached level 29 16403 | -3/Section 7 | Activated Sigix Exoskeleton 16403 | -3/Section 7 | Received instructions from Sigix Warrior 16412 | -3/Section 7 | Spotted Executioner 16426 | -3/Section 7 | Destroyed Executioner 16432 | -3/Section 7 | Allies destroyed Executioner 16492 | -3/Section 7 | Allies destroyed B-99 Colossus 16513 | -3/Section 7 | Core integrity fell below 20% 16517 | -3/Section 7 | Sigix Exoskeleton integrity reduced to 80% 16518 | -3/Section 7 | Allies destroyed Alpha 7 16530 | -3/Section 7 | Reached level 30 16561 | -3/Section 7 | Destroyed 23 combat bots 16596 | -3/Section 7 | Allies destroyed Investigator 16627 | -3/Section 7 | Destroyed 19 combat bots 16678 | -3/Section 7 | Found Integrity Redistributor 16693 | -3/Section 7 | Found LRC Inertial Stabilizer 16693 | -3/Section 7 | Installed LRC Inertial Stabilizer, increased mass support (+10) 16696 | -3/Section 7 | Found LRC Insulator 16696 | -3/Section 7 | Installed LRC Insulator, 1 resistance modified: EM +25% 16727 | -3/Section 7 | Spotted Striker 16740 | -3/Section 7 | Destroyed Striker 16762 | -3/Section 7 | Spotted Investigator 16762 | -3/Section 7 | Scanned by Researcher 16763 | -3/Section 7 | Intercept squad dispatched 16763 | -3/Section 7 | Reached level 31 16766 | -3/Section 7 | Destroyed Investigator 16769 | -3/Section 7 | Spotted Tracker 16786 | -3/Section 7 | Allies destroyed Tracker 16797 | -3/Section 7 | Destroyed 26 combat bots 16935 | -3/Section 7 | Destroyed 7 combat bots 16943 | -3/Section 7 | Sterilization system engaged 16943 | -3/Section 7 | Non-combat units ordered to evacuate 16948 | -3/Section 7 | Entered Research 16949 | -2/Research | Core integrity fell below 50% 16968 | -2/Research | Discovered new exit (range 16) 16994 | -2/Research | Discovered new exit (range 8) 16998 | -2/Research | Entered Access 17000 | -1/Access | Reached level 32 17000 | -1/Access | Reached level 33 17024 | -1/Access | Core integrity fell below 50% 17049 | -1/Access | High security lockdown imminent 17052 | -1/Access | Emitted hypermatrix ping 17057 | -1/Access | Assembled emerged from beneath the floor 17092 | -1/Access | Assembled emerged from beneath the floor 17129 | -1/Access | High security lockdown engaged 17141 | -1/Access | Reached level 34 17190 | -1/Access | Intercept squad dispatched 17201 | -1/Access | Core integrity fell below 20% 17214 | -1/Access | Spotted Tracker 17216 | -1/Access | Lost 15 allies 17219 | -1/Access | Spotted Tracker 17231 | -1/Access | Spotted Combat Programmer 17234 | -1/Access | Destroyed Tracker 17249 | -1/Access | Destroyed by Tracker with Immobilizer Last Messages --------------- corruption cleaned. 17222_ Impulse Thruster Array temporarily disabled. 17227_ Impulse Thruster temporarily disabled. 17229_ Upgraded: Core Integrity (+150) 17229_ Flightbrick temporarily disabled. 17230_ Critical hit (Destroy). 17231_ ALERT: Suspicious intruders detected, dispatching Specialist reinforcements to area. 17234_ Dual-blade Saw follow-up attack on Tracker. 17234_ Plasma Sword follow-up attack on Tracker. 17234_ Tracker destroyed. 17243_ P-80 Master Unknown Hover Unit severed. 17243_ Plasma Sword follow-up attack on P-80 Master. 17243_ P-80 Master Unknown Energy Gun severed. 17246_ P-80 Master Unknown Hover Unit severed. 17249_ ALERT: Assault forces dispatched. [Achievement: 50k Club] Map ----- +----------------------------------------------------+ | ?????????????????????????????????????????????????? | | ?????????????????????????????????????????????????? | | ?????????????????????????????????????????????????? | | ?????????????????????????????????????????????????? | | ?????????????????????????????????????????????????? | | ?????????????????????????????????????????????????? | | ?????????????????????????????????????????????????? | | ?????????????????????????????????????????????????? | | ?????????????????????????????????????????????????? | | ?????????????????????????????????????????????????? | | ?????????????????????????????????????????????????? | | ?????????????????????????????????????????????????? | | ???????????????????????? " #####????????????????# | | ???????????????????????? #####????????????????# | | ???????????????????????? #####????????????????# | | ????????????????????????#########??? ########## | | ????????????????????????### ### ########## | | ????????????????????????### ? ? | | ????????????????????????###! #################### | | ????????????????????????#### ########### """ | | ???????????????????" ###### # ## "Y" | | ???????????????????" ######?# ## " " | | ???????????????????" ###### # ## | | ???????????????????" ###### # ## | | ???????????????????" + s!pm / ## " | | ???????????????????" ###@####? ## ! """ | | ??????????????????? ? ###=#### === ## """ | | ??????????????????? ### #### === ## " | | ??????????????????? # ## === ## | | ????????????????????? # #######+#### | | ????????????????????### ####### #### | | ???????????????????? ## #######+############## | | ???????????????????? ## ### # | | ???????????????????? ####+##### /! # | | ???????????H???????? # ## "?? !* # | | ???????## ?????? # ## """ ! # | | ???????## ?????? # ## """ # | | ???????#### ##????????? ## " # | | ???????#### ##????????? ## # | | ?????###### ######????? ## # | | ????? ### ######?????#################/######### | | ????? ### ############### """" # ######### | | ????? ### ############### ""R"" ] + ######### | | ????? # ############# "" "" # ######### | | ????? # ############# + ####????# | | ????? + + # ####????# | | ????? # # # ####????? | | ?? # # # ####????? | | ?? ## !! ##+##/####### ####????? | | ??#####+## ! !"%"# #### ####????? | +----------------------------------------------------+ Best States ------------- Heat Dissipation 61 Energy Generation 59 Energy Capacity 290 Matter Stores 300 Matter Capacity 300 Sight Range 16 Robot Scan Range 20 Terrain Scan Range 24 Terrain Scan Density 10 ECM Strength 3 Jamming Range 16 Armor Coverage 600 Resistance: KI 30 Resistance: TH 50 Resistance: EX 5 Resistance: EM 25 Propulsion Shielding 90 Phase Shifting 10 Evasion (%) 84 Targeting Accuracy 8 Melee Accuracy 8 Target Analysis 8 Armor Integrity Analysis 50 Recoil Reduction 2 Offensive Hacking 26 Defensive Hacking 30 Item Schematics ----------------- Exp. Terrain Scan Processor | -3/Section 7 | Archive Exp. Focal Shield | -3/Section 7 | Archive Spectral Analyzer | -3/Section 7 | Archive Ionic Axe | -3/Section 7 | Archive Robot Schematics ------------------ T-07 Excavator | -3/Section 7 | Archive S-43 Plague | -3/Section 7 | Archive Fabricated ------------ O-32 Director | x1 | -4/Factory | Preloaded B-36 Bruiser | x3 | -4/Factory Impulse Thruster Array | x1 | -4/Factory | Preloaded Repaired ---------- Adv. Focal Shield | 51% | -3/Research Exp. Propulsion Shielding | 14% | -3/Research Alien Tech Used ----------------- Integrated Reactor Dimensional Node Initializer Core Reset Matrix Subatomic Replicator LRC Inertial Stabilizer LRC Insulator Achievements -------------- 50k Club Alien Roots Ambidextrous Everyone Must Die False Reunion Killing Spree Challenges ------------ None RPGLIKE | -11 -10 -10 -10 -8 -8 -6 -6 -6 -6 -5 -5 -5 -5 -5 -4 -4 -4 -4 -4 -3 -3 -3 -3 -2 -1 --------- Run | Yrd Mat Min Sub Rec Scr Fac Low Low Zio Pro Fac Upp Upp War Pro Fac Upp Upp Zhi Pro Res Qua Sec Res Acc Levels Raised 33 | . 1 1 . 2 . 3 . 1 . 2 1 1 . 1 2 3 1 1 1 1 2 3 3 . 3 XP Earned 52891 | 3000 2015 1000 1415 1740 918 3475 1400 650 500 2250 1825 1000 1100 1000 2800 4135 1300 2955 650 2080 2775 3879 4530 745 3754 XP Spent 47010 | 1000 1770 1350 1775 1900 1180 4075 . . 800 100 2250 4350 390 1250 2110 2600 1650 3600 2300 1400 2600 3100 4935 . 525 Upgrades 78 | 2 7 3 3 2 3 8 . . 1 1 3 5 2 1 2 3 3 3 2 1 2 2 16 . 3 Power Slot 2 | . . . . . . 1 . . . . . 1 . . . . . . . . . . . . . Propulsion Slot 6 | 1 . . . 2 . 1 . . . . . 1 . . . . . . . . 1 . . . . Utility Slot 8 | . 1 1 . . 1 1 . . . . 1 . . . 1 . . 1 . . . 1 . . . Weapon Slot 4 | 1 . . . . . . . . 1 . . 1 . . . . . . . 1 . . . . . Core Integrity 17 | . . . 1 . 2 . . . . . . . . . . . . . . . . . 11 . 3 Heat Dissipation 6 | . 2 . . . . . . . . . . . 1 . 1 . . . . . . . 2 . . Energy Generation 3 | . . . . . . . . . . . . . 1 . . . . . 1 . . . 1 . . Mass Support 4 | . . . . . . . . . . 1 . . . . . 1 . . . . . . 2 . . Inventory Capacity 7 | . 2 . 2 . . . . . . . . . . 1 . 1 . . 1 . . . . . . Sensor Range 2 | . . . . . . 2 . . . . . . . . . . . . . . . . . . . Ranged Accuracy 1 | . . 1 . . . . . . . . . . . . . . . . . . . . . . . Melee Accuracy 4 | . . . . . . 2 . . . . . 1 . . . 1 . . . . . . . . . Hack Attack % 3 | . 1 . . . . . . . . . 1 . . . . . . . . . 1 . . . . Hack Defense % 2 | . 1 . . . . . . . . . . . . . . . . . . . . 1 . . . KI Resistance % 4 | . . . . . . 1 . . . . . 1 . . . . . 2 . . . . . . . TH Resistance % 4 | . . 1 . . . . . . . . . . . . . . 3 . . . . . . . . EX Resistance % 1 | . . . . . . . . . . . 1 . . . . . . . . . . . . . . Protomatter Created 4584 | . 179 86 76 . . 259 106 . . 82 64 79 146 . 331 183 228 444 . 221 154 149 1709 73 15 Integrity Restored 8430 | . 231 54 192 . 746 591 318 . . 198 173 176 181 . 623 439 322 1051 . 831 157 275 1515 219 138 Core 6054 | . 204 54 192 . 581 591 318 . . 198 173 39 153 . 595 284 115 264 . 98 81 242 1515 219 138 Parts 2376 | . 27 . . . 165 . . . . . . 137 28 . 28 155 207 787 . 733 76 33 . . . Protomatter Decayed 9188 | . 94 25 35 . 8292 62 . . . . 6 39 7 . 47 8 . 20 . . 99 8 446 . . Game ------ Seed FocalVoltaicDetonator Manual? 0 Play Time 05:33:10 Cumulative 444.0 hours Start 2025.08.12 @ 13:38:52 End 2025.08.12 @ 20:13:24 Sessions 1 Manual Loads 0 Difficulty Rogue Special Mode Winter2019/RPGLIKE Game No. 255 Rogue 255 Adventurer 0 Explorer 0 Win Type - Total 11 Types 10/0/1/0/0/0/0/0/0/0 Lore% 75 Gallery% 68 Achievement% 55 Wizard Run 0 Options --------- Layout 1 ASCII 0 Keyboard 0 Movement Numpad Keybinds 0 Fullscreen 1 Font 24/Smallcaps Map View 50x35 Zoom Use 0% Tactical HUD 1 Map Filters NONE Filters NONE Steam 1 RUN: 608ca445-76c6-4a79-bdc9-57598673860b